 Dungeon Crawl Stone Soup version 0.31-a0-1327-g8c40ea976f (webtiles) character file.

Game seed: 12302595719670148417

67736 James the Unseen (level 15, -11/72 HPs)
             Began as a Vine Stalker Enchanter on Dec 21, 2023.
             Was a Believer of Uskayaw.
             Mangled by torrenera's ghost (13 damage)
             ... on level 1 of the Lair of Beasts.
             The game lasted 01:36:05 (22904 turns).

James the Unseen (Vine Stalker Enchanter)          Turns: 22904, Time: 01:36:06

Health: -11/72     AC: 13    Str: 11    XL:     15   Next: 24%
Magic:  0/29       EV: 13    Int: 32    God:    Uskayaw [**....]
Gold:   1134       SH: 11    Dex: 18    Spells: 20/33 levels left

rFire   . . .        L - +5 rapier of Revolt {freeze, ^Fragile rPois Will+ Int+7}
rCold   . . .        D - +0 buckler
rNeg    + . .        H - +0 troll leather armour
rPois   +            (no helmet)
rElec   .            x - +2 cloak
rCorr   .            J - +0 pair of gloves
SInv    .            g - +0 pair of boots of the Game Afoot {rN+}
Will    ++...        m - amulet of reflection
Stlth   ++++++       V - +4 ring of protection
HPRegen 1.92/turn    B - +6 ring of intelligence
MPRegen 0.21/turn

%: reflection, guardian spirit
@: studying 2 skills
A: fangs 3, regeneration 1, magic shield, antimagic bite, no potion heal 2
a: Renounce Religion, Stomp, Line Pass


You were on level 1 of the Lair of Beasts.
You worshipped Uskayaw.
Uskayaw was aware of your devotion.
You visited 3 branches of the dungeon, and saw 19 of its levels.
You also visited: Sewer and Bailey.

You collected 1857 gold pieces.
You spent 723 gold pieces at shops.

Inventory:

Hand Weapons
 A - a +2 rapier of draining
   (You found it on level 5 of the Lair of Beasts)
 L - the +5 rapier of Revolt (weapon) {freeze, ^Fragile rPois Will+ Int+7}
   (You acquired it on level 1 of the Dungeon)

   Int+7:     It affects your intelligence (+7).
   rPois:     It protects you from poison Will+: It increases your willpower.
   ^Fragile:  It will be destroyed if unequipped.
Missiles
 a - 5 silver javelins
 n - 43 poisoned darts
 p - 15 boomerangs
 w - 4 curare-tipped darts (quivered) {!f}
 G - 7 javelins
Armour
 g - the +0 pair of boots of the Game Afoot (worn) {rN+}
   (You found it on level 1 of the Lair of Beasts)

   rN+:       It protects you from negative energy.
 x - a +2 cloak (worn)
   (You took it off Crazy Yiuf on level 2 of the Dungeon)
 D - a +0 buckler (worn)
   (You took it off a gnoll sergeant on level 6 of the Dungeon)
 F - the +3 ring mail of Kaazof {Will+ Int+5}
   (You found it on level 2 of the Dungeon)

   Int+5:     It affects your intelligence (+5).
   Will+:     It increases your willpower.
 H - a +0 troll leather armour (worn)
   (You found it on level 11 of the Dungeon)
 I - a +2 robe of cold resistance
   (You took it off Fannar on level 1 of the Lair of Beasts)
 J - a +0 pair of gloves (worn)
   (You found it on level 4 of the Dungeon)
Jewellery
 e - a ring of willpower
   (You found it on level 11 of the Dungeon)
 i - a ring of protection from fire
   (You found it on level 1 of the Dungeon)
 k - the ring of Vawas {Fly rPois Dex+3}
   (You found it on level 9 of the Dungeon)

   [ring of flight]

   Dex+3:     It affects your dexterity (+3).
   rPois:     It protects you from poison Fly: It grants you flight.
 m - an amulet of reflection (around neck)
   (You found it on level 11 of the Dungeon)
 o - the ring "Waochiuk" {Fly rC++ Str+6 Dex-2}
   (You found it on level 9 of the Dungeon)

   [ring of strength]

   Str+6:     It affects your strength (+6).
   Dex-2:     It affects your dexterity (-2).
   rC++:      It greatly protects you from cold.
   Fly:       It grants you flight.
 z - a ring of see invisible
   (You found it on level 9 of the Dungeon)
 B - a +6 ring of intelligence (right hand)
   (You found it on level 2 of the Lair of Beasts)
 U - a ring of wizardry
   (You found it on level 2 of the Dungeon)
 V - a +4 ring of protection (left hand)
   (You found it in a sewer)
Wands
 t - a wand of flame (42)
   (You found it on level 7 of the Dungeon)
 u - a wand of roots (9)
   (You found it on level 1 of the Lair of Beasts)
 v - a wand of digging (8)
   (You found it on level 7 of the Dungeon)
 y - a wand of polymorph (10)
   (You found it on level 4 of the Lair of Beasts)
 Y - a wand of charming (29)
   (You found it on level 6 of the Dungeon)
Scrolls
 b - 3 scrolls of silence
 d - a scroll of enchant weapon
 f - 2 scrolls of revelation
 l - 10 scrolls of teleportation {@r4}
 s - 2 scrolls of butterflies
 C - a scroll of vulnerability {!r}
 K - 3 scrolls of blinking
 M - 3 scrolls of brand weapon
 N - 7 scrolls of fear
 O - 2 scrolls of identify {@r1}
 T - 2 scrolls of immolation {!r}
 X - 3 scrolls of enchant armour
 Z - 5 scrolls of fog
Potions
 c - 4 potions of invisibility
 h - 6 potions of brilliance
 j - 5 potions of mutation {!q}
 q - 5 potions of haste {@q3}
 r - a potion of berserk rage
 E - 9 potions of curing {@q1}
 P - 2 potions of magic
 Q - 2 potions of enlightenment
 R - 6 potions of resistance
 S - 3 potions of cancellation
 W - 3 potions of ambrosia


   Skills:
 + Level 5.4 Fighting
 - Level 14.0 Short Blades
 - Level 6.0 Armour
 + Level 3.6 Dodging
 - Level 15.0 Stealth
 - Level 7.0 Shields
 + Level 9.5 Spellcasting
 + Level 9.5 Hexes
 - Level 2.0 Translocations
 - Level 2.0 Ice Magic
 + Level 8.4 Invocations


You had 20 spell levels left.
You knew the following spells:

 Your Spells              Type           Power      Damage    Failure   Level
a - Confusing Touch       Hex            66%        N/A       1%          3
b - Dazzling Flash        Conj/Hex       90%        N/A       2%          3
c - Blink                 Tloc           56%        N/A       3%          2
d - Tukima's Dance        Hex            66%        N/A       1%          3
x - Ensorcelled Hibernat  Hex/Ice        100%       N/A       1%          2

Your spell library contained the following spells:

 Spells                   Type           Power      Damage    Failure   Level
 Jinxbite                 Hex            100%       N/A       1%          2
 Apportation              Tloc           56%        N/A       2%          1
 Kiss of Death            Conj/Necr      60%        2d10      5%          1
 Magic Dart               Conj           60%        1d6       5%          1
 Necrotise                Necr           60%        1d7       5%          1
 Sting                    Conj/Alch      60%        1d6       5%          1
 Summon Small Mammal      Summ           60%        N/A       5%          1
 Call Imp                 Summ           30%        N/A       9%          2
 Cigotuvi's Dreadful Rot  Necr/Alch/Air  30%        N/A       9%          2
 Hailstorm                Conj/Ice       21%        3d7       11%         3
 Stone Arrow              Conj/Erth      30%        3d8       17%         3
 Silence                  Hex/Air        22%        N/A       22%         5
 Yara's Violent Unravell  Hex/Alch       22%        3d10      22%         5
 Passage of Golubria      Tloc           28%        N/A       24%         4
 Summon Ice Beast         Ice/Summ       21%        N/A       36%         4
 Animate Dead             Necr           15%        N/A       50%         4
 Dispel Undead            Necr           15%        3d10      50%         4
 Enfeeble                 Hex            33%        N/A       67%         7
 Fireball                 Conj/Fire      7%         3d5       83%         5
 Iskenderun's Battlesphe  Conj           15%        2d7       83%         5
 Simulacrum               Ice/Necr       10%        N/A       99%         6
 Bombard                  Conj/Erth      7%         9d2       100%        6
 Haunt                    Necr/Summ      7%         N/A       100%        7
 Spellforged Servitor     Conj/Summ      7%         N/A       100%        7
 Infestation              Necr           7%         N/A       100%        8
 Lehudib's Crystal Spear  Conj/Erth      7%         10d3      100%        8


Dungeon Overview and Level Annotations

Branches:
Dungeon (13/15)            Temple (1/1) D:7            Lair (5/5) D:10
 Shoals (0/4) Lair:2        Snake (0/4) Lair:3        Slime (0/5) Lair:4
    Orc (0/2) D:10          Sewer (visited)          Bailey (visited)
 Vaults: D:13-14

Altars:
Ashenzari
Cheibriados
Dithmenos
Elyvilon
Fedhas
Gozag
Hepliaklqana
Kikubaaqudgha
Makhleb
Nemelex Xobeh
Okawaru
Qazlal
Ru
Sif Muna
Trog
Uskayaw
Vehumet
Wu Jian
Xom
Yredelemnul
Zin
The Shining One
Jiyva

Shops:
D:1 [?(?   D:9 [

Annotations:
Lair:1 Ygonei's ghost, journeyman HOMo; torrenera's ghost, novice DgFi


Innate Abilities, Weirdness & Mutations

You have razor-sharp teeth.
Your natural rate of healing is unusually fast.
When hurt, damage is shared between your health and your magic reserves.
Your bite disrupts and absorbs the magic of your enemies.
Potions cannot restore your health.


Message History

Acikaus's ghost hits itself but does no damage.
You barely miss Acikaus's ghost.
You hit Acikaus's ghost but do no damage.
Acikaus's ghost hits you. Acikaus's ghost burns you.
Acikaus's ghost barely misses itself.
You hit Acikaus's ghost but do no damage.
Your bite misses Acikaus's ghost.
You catch the helpless Acikaus's ghost completely off-guard!
You impale Acikaus's ghost!! You freeze Acikaus's ghost!
You bite Acikaus's ghost, but do no damage.
You hit Acikaus's ghost but do no damage.
You bite Acikaus's ghost, but do no damage.
You block Acikaus's ghost's attack.
You puncture Acikaus's ghost! You freeze Acikaus's ghost.
You destroy Acikaus's ghost!
Your hands begin to glow red.
Ygonei's ghost hits you but does no damage.
You miss Ygonei's ghost.
You bite Ygonei's ghost, but do no damage.
Torrenera's ghost barely misses you.
Ygonei's ghost hits you but does no damage.
You hit Ygonei's ghost but do no damage.
You bite Ygonei's ghost, but do no damage.
You hit Ygonei's ghost but do no damage.
Your bite misses Ygonei's ghost. Torrenera's ghost hits you.
Torrenera's ghost burns you. Ygonei's ghost hits you!
You completely miss Ygonei's ghost.
Press: ? - help, v - describe, . - travel
Here: torrenera's ghost, wielding a weapon of flaming (chance to confuse on hit: 39%)
The floor, spattered with blood.
Unknown command.
You hit torrenera's ghost but do no damage.
Your bite misses torrenera's ghost. You block torrenera's ghost's attack.
Ygonei's ghost hits you!
You hit torrenera's ghost but do no damage.
Torrenera's ghost appears confused.
You catch the helpless torrenera's ghost completely off-guard!
You impale torrenera's ghost!! You freeze torrenera's ghost!
You bite torrenera's ghost. You drain its power.
You feel invigorated. Torrenera's ghost hits you!!
* * * LOW HITPOINT WARNING * * *
Torrenera's ghost burns you.
* * * LOW HITPOINT WARNING * * *
You block Ygonei's ghost's attack.
You hit torrenera's ghost but do no damage.
You bite torrenera's ghost, but do no damage.
Torrenera's ghost hits you!!
* * * LOW HITPOINT WARNING * * *
Torrenera's ghost burns you!
You die...

#.........................
#........^.........##.....
#..................####~P~
##.................## #♣~♣
#P................P# ##P
###...............## #~#
#............>..# ###
###....W........# #
##..@#.......[# ##
#.##W....##..# ##.
#####...###.## ##.. #...#
#.# #... ##...# #######...
#....####♣⌠♣:##..
#..###..#....8##.
#....W..#.....?#.
##.......'.....=#.


You could see Ygonei's ghost and torrenera's ghost (confused).

Vanquished Creatures
  The ghost of Acikaus the Fighter, a journeyman MiFi of the Shining One (Lair:1)
  5 hydras
  Fannar (Lair:1)
  2 catoblepae
  A centaur warrior (D:9)
  6 boulder beetles
  The ghost of sanka the Cleaver, a novice MiFi of Okawaru (D:8)
  6 two-headed ogres
  Urug (Lair:1)
  6 death yaks (Lair:3)
  3 skysharks (Lair:4)
  A fire crab (Lair:5)
  Lodul (D:10)
  An orc knight (Bailey)
  A manticore (D:9)
  A wolf spider (Lair:5)
  8 elephants
  3 cyclopes
  9 black mambas
  24 cane toads
  A gargoyle (D:11)
  Jeremiah (D:6)
  A guardian serpent (Lair:5)
  2 rime drakes
  6 komodo dragons
  3 unseen horrors
  A freezing wraith (D:9)
  3 trolls
  5 hornets
  17 blink frogs
  2 polar bears (Lair:4)
  Sigmund (D:2)
  A spriggan (Lair:3)
  15 wyverns
  A shadow (D:10)
  A basilisk (shapeshifter) (D:9)
  39 yaks
  A wraith (D:12)
  A warg (D:10)
  A steam dragon (D:7)
  9 basilisks
  3 redbacks (Lair:5)
  A naga (Lair:3)
  An acid dragon (D:11)
  27 water moccasins
  Pargi (Sewer)
  5 orc warriors
  4 sky beasts
  3 ice beasts
  A black bear (D:7)
  7 ogres
  8 centaurs
  15 wolves
  2 kobold brigands (D:7)
  3 gnoll sergeants
  4 scorpions
  12 bullfrogs
  A brain worm (Sewer)
  9 wights
  23 killer bees
  2 electric eels (Lair:1)
  7 howler monkeys
  2 jellies
  7 orc priests
  A gnoll bouda (D:7)
  Crazy Yiuf (D:2)
  3 hounds
  An iguana (D:6)
  15 orc wizards
  13 hell rats
  3 gnolls
  9 adders
  A river rat (D:5)
  2 ufetubi (D:7)
  4 worms
  A dart slug (D:3)
  52 orcs
  7 bats
  4 endoplasms
  7 giant cockroaches
  9 goblins
  5 hobgoblins
  7 jackals
  A quokka (D:3)
  8 ball pythons
  7 frilled lizards
  17 kobolds
  10 rats
530 creatures vanquished.

Notes
Turn   | Place    | Note
-------+----------+-------------------------------------------
     0 | D:1      | James the Vine Stalker Enchanter began the quest for the
                  | Orb.
     0 | D:1      | Reached XP level 1. HP: 9/9 MP: 4/4
    32 | D:1      | Reached skill level 1 in Short Blades
    39 | D:1      | Got Empon's Disquisition on Scintillating Decomposition
    43 | D:1      | Found Bouqiwei's Weapon Boutique.
   148 | D:1      | Found Xite's Armour Boutique.
   160 | D:1      | Reached XP level 2. HP: 11/13 MP: 0/6
   539 | D:1      | Found Musoxka's Magic Scroll Shoppe.
   559 | D:1      | Reached XP level 3. HP: 16/16 MP: 7/7
   673 | D:1      | Found Ferul's Magic Scroll Shoppe.
   933 | D:1      | Learned a level 2 spell: Ensorcelled Hibernation
   937 | D:1      | Learned a level 3 spell: Confusing Touch
   981 | D:2      | Noticed Sigmund
  1035 | D:2      | Identified the +3 ring mail of Kaazof {Will+ Int+5}
  1299 | D:2      | Reached skill level 4 in Stealth
  1299 | D:2      | Reached XP level 4. HP: 21/21 MP: 3/8
  1622 | D:2      | Found a runed translucent door.
  1623 | D:2      | Noticed Crazy Yiuf
  1882 | D:2      | Killed Crazy Yiuf
  2041 | D:3      | Identified the +0 leather armour of the Lich-sworn {Dex+2}
  2052 | D:3      | Reached XP level 5. HP: 24/24 MP: 8/10
  2082 | D:2      | Learned a level 3 spell: Tukima's Dance
  3235 | D:1      | Bought a scroll of blinking for 75 gold pieces
  3235 | D:1      | Bought a scroll of teleportation for 30 gold pieces
  3371 | D:1      | Bought a scroll of fear for 40 gold pieces
  3560 | D:3      | Reached skill level 5 in Stealth
  3739 | D:4      | Reached skill level 6 in Stealth
  3739 | D:4      | Reached XP level 6. HP: 28/28 MP: 4/11
  4172 | D:4      | Reached skill level 1 in Ice Magic
  4437 | D:5      | Entered Level 5 of the Dungeon
  4650 | D:5      | Reached XP level 7. HP: 30/32 MP: 13/13
  4650 | D:5      | Found a glowing drain.
  4657 | Sewer    | Entered a sewer
  4723 | Sewer    | Noticed Pargi
  4728 | Sewer    | Killed Pargi
  5020 | D:5      | Identified the +5 whip of Biacvy {protect, ^Contam Int+2
                  | Dex+4}
  5205 | D:5      | Reached skill level 1 in Fighting
  5524 | D:5      | Learned a level 3 spell: Dazzling Flash
  5660 | D:6      | Reached skill level 5 in Short Blades
  5800 | D:5      | Gained mutation: You have razor-sharp teeth. [Vine Stalker
                  | growth]
  5800 | D:5      | Reached XP level 8. HP: 37/37 MP: 12/15
  5925 | D:6      | Reached skill level 7 in Stealth
  5952 | D:6      | Noticed Jeremiah
  6049 | D:6      | Found an iron altar of Okawaru.
  6379 | D:7      | Reached skill level 8 in Stealth
  6428 | D:7      | Reached skill level 9 in Stealth
  6465 | D:7      | Found a flagged portal.
  6471 | Bailey   | Entered a bailey
  6892 | Bailey   | Reached skill level 10 in Stealth
  6966 | Bailey   | Identified the +5 arbalest of Magnificence {drain, rPois
                  | Int+6 Dex-5 Stlth+}
  6969 | Bailey   | Noticed an orc knight
  7008 | Bailey   | Killed an orc knight
  7009 | Bailey   | Reached skill level 5 in Spellcasting
  7009 | Bailey   | Reached skill level 5 in Hexes
  7009 | Bailey   | Reached XP level 9. HP: 22/41 MP: 4/18
  7158 | Bailey   | Reached XP level 10. HP: 51/51 MP: 19/19
  7623 | D:7      | Found a staircase to the Ecumenical Temple.
  7632 | Temple   | Entered the Ecumenical Temple
  7663 | Temple   | Became a worshipper of Uskayaw the Reveller
  7715 | D:7      | Reached * piety under Uskayaw
  7896 | D:7      | Reached ** piety under Uskayaw
  8493 | D:2      | Killed Sigmund
  8494 | D:2      | Reached skill level 5 in Fighting
  8620 | D:6      | Killed Jeremiah
  8633 | D:6      | Learned a level 2 spell: Blink
  8652 | D:8      | Found a transporter.
  8846 | D:8      | Noticed a two-headed ogre
  8848 | D:8      | Noticed sanka's ghost (novice MiFi)
  8855 | D:8      | Found a transporter.
  8895 | D:8      | Reached skill level 1 in Invocations
  9090 | D:8      | Reached *** piety under Uskayaw
  9098 | D:8      | Reached **** piety under Uskayaw
  9101 | D:8      | Reached ***** piety under Uskayaw
  9505 | D:9      | Reached XP level 11. HP: 52/55 MP: 18/21
  9851 | D:9      | Noticed a cyclops
  9851 | D:9      | Noticed a centaur warrior
  9864 | D:9      | Noticed a four-headed hydra
  9889 | D:9      | Noticed a boulder beetle
  9890 | D:9      | Noticed a manticore
 10144 | D:9      | Reached skill level 1 in Translocations
 10193 | D:9      | Found Kizoho's Armour Shoppe.
 10202 | D:9      | Bought a +0 pair of boots for 58 gold pieces
 10224 | D:10     | Entered Level 10 of the Dungeon
 10255 | D:10     | Noticed Lodul
 10715 | D:10     | Noticed a two-headed ogre
 10722 | D:10     | Killed a two-headed ogre
 10853 | D:10     | Found a staircase to the Orcish Mines.
 10966 | D:10     | Found an opulent altar of Gozag.
 11017 | D:10     | Noticed a two-headed ogre
 11265 | D:10     | Killed Lodul
 11307 | D:10     | Killed a two-headed ogre
 11308 | D:10     | Reached skill level 1 in Armour
 11348 | D:10     | Found a staircase to the Lair.
 11479 | D:10     | Noticed a two-headed ogre
 11488 | D:10     | Killed a two-headed ogre
 11489 | D:10     | Reached skill level 11 in Stealth
 11489 | D:10     | Reached skill level 5 in Invocations
 11737 | D:10     | Found a staircase to the Orcish Mines.
 11867 | D:10     | Found an opulent altar of Gozag.
 12115 | D:10     | Found a staircase to the Lair.
 12629 | D:11     | Reached XP level 12. HP: 57/60 MP: 16/23
 12998 | D:11     | Noticed a boulder beetle
 13101 | D:11     | Killed a boulder beetle
 13302 | Lair:1   | Entered Level 1 of the Lair of Beasts
 13337 | Lair:1   | Identified the +0 pair of boots of the Game Afoot {rN+}
 13431 | Lair:1   | Noticed a catoblepas
 13469 | Lair:1   | Noticed Urug
 13757 | D:1      | Bought a scroll of acquirement for 520 gold pieces
 13759 | D:1      | Acquired the +5 rapier of Revolt {freeze, ^Fragile rPois
                  | Will+ Int+7}
 14100 | D:10     | Killed a catoblepas
 14101 | D:10     | Reached skill level 10 in Short Blades
 14101 | D:10     | Reached skill level 12 in Stealth
 14163 | Lair:1   | Killed Urug
 14347 | Lair:1   | Found a runed translucent gate.
 14347 | Lair:1   | Found a runed translucent gate.
 14347 | Lair:1   | Found a runed translucent gate.
 14351 | Lair:1   | Noticed torrenera's ghost (novice DgFi)
 14351 | Lair:1   | Noticed Acikaus's ghost (journeyman MiFi)
 14351 | Lair:1   | Noticed Ygonei's ghost (journeyman HOMo)
 14471 | Lair:1   | Noticed a boulder beetle
 14487 | Lair:1   | Killed a boulder beetle
 14718 | Lair:1   | Noticed a five-headed hydra
 14851 | Lair:1   | Killed a five-headed hydra
 14852 | Lair:1   | Reached XP level 13. HP: 61/63 MP: 14/26
 15439 | Lair:1   | Noticed Fannar
 15525 | Lair:1   | Killed Fannar
 15820 | Lair:2   | Reached ****** piety under Uskayaw
 16363 | Lair:2   | Found a staircase to the Shoals.
 17280 | Lair:3   | Reached XP level 14. HP: 63/68 MP: 27/27
 17354 | Lair:3   | Reached skill level 5 in Armour
 17412 | Lair:3   | Found a staircase to the Snake Pit.
 17742 | Lair:4   | Identified the +8 glaive of Midnight {flame, rF- rCorr
                  | Int+7}
 18402 | Lair:4   | Found a viscous altar of Jiyva.
 18402 | Lair:4   | Found a staircase to the Slime Pits.
 18421 | Lair:4   | Reached skill level 13 in Stealth
 19287 | Lair:4   | Found a viscous altar of Jiyva.
 19287 | Lair:4   | Found a staircase to the Slime Pits.
 19823 | Lair:5   | Entered Level 5 of the Lair of Beasts
 20425 | Lair:5   | Reached skill level 14 in Stealth
 20567 | Lair:5   | Identified the +2 leather armour of Twilight {Regen+ rCorr
                  | Str-4}
 21524 | D:12     | You fall into a shaft and drop 1 floor!
 22192 | D:12     | Reached XP level 15. HP: 72/72 MP: 29/29
 22516 | D:9      | Identified the ring "Waochiuk" {Fly rC++ Str+6 Dex-2}
 22520 | D:9      | Identified the ring of Vawas {Fly rPois Dex+3}
 22652 | D:8      | Killed sanka's ghost
 22653 | D:8      | Reached skill level 15 in Stealth
 22895 | Lair:1   | Killed Acikaus's ghost
 22904 | Lair:1   | HP: 2/72 [torrenera's ghost (22)]
 22904 | Lair:1   | Mangled by torrenera's ghost

Illustrated notes

Levels and vault maps discovered:
D:1:      matt_arrival_los_fun, layout_rooms, serial_shops,
          nicolae_shop_rolled_up, shop, shop, nicolae_shop_crystal,
          serial_curves, eino_curves_02, eino_curves_01, eino_curves_01,
          eino_curves_02, minmay_tromino_v4_c
D:2:      layout_loops_ring, uniq_crazy_yiuf_cottage, uniq_sigmund
D:3:      layout_basic, minmay_three_crescents
D:4:      layout_gridville, dreamdust_mushroom_princess
D:5:      layout_cave_pods, gup_sewer_entry_bubbles
D:6:      layout_cave_pools, okawaru_gym_becter, nicolae_titane, uniq_jeremiah
D:7:      layout_layer_cave, minmay_temple_entry_antechambers, enter_bailey_3,
          chequers_serial_rivers_large_b, minmay_joined_circles
D:8:      layout_rooms, nzn_ghost_randoct
D:9:      layout_roguey, serial_shops, nicolae_lakefront_shop, minivault_10,
          minmay_splitting_lines, onia_ninara_dug_in_and_dangerous
D:10:     layout_stronghold, mainiacjoe_overflow_catwalk, david_lair_shrubbed,
          minmay_orc_entry_guard_dogs, dk_noncrumbling_3, uniq_lodul
D:11:     layout_basic, bh_walls_and_bars
D:12:     layout_basic
D:13:     layout_irregular_city, grunt_vaults_entry_tiered,
          nicolae_trove_entry_free_sample, uniq_erolcha
Temple:   mainiacjoe_temple_big_plus
Lair:1:   dreamdust_cave_troll, layout_gridlike, gammafunk_ghost_cemetery,
          serial_bayou, serial_bayou_ford_a, serial_bayou_pond_d,
          serial_bayou_pond_a, serial_bayou_lagoon_a, nzn_random_ring,
          uniq_urug, uniq_fannar
Lair:2:   layout_loops_ring, elwin_shoals_entry_rocks, lemuel_fruit_tree
Lair:3:   layout_regular_city, guppyfry_snake_entry_island, serial_bayou_pond_d,
          grunt_forest_large_clearing_hut
Lair:4:   layout_cellular_growth, slime_entry_1, evilmike_ambush
          [evilmike_ambush_outer_basic, evilmike_ambush_inner_cross]
Lair:5:   hangedman_lair_tendril_chambers, layout_loops_ring,
          serial_bayou_shore_a

Skill      XL: |  1  2  3  4  5  6  7  8  9 10 11 12 13 14 15 |
---------------+----------------------------------------------+-----
Short Blades   | 1 2 3 4 5 8 9 11 14 | 14.0
Stealth        | 4 6 10 11 12 14 15 | 15.0
Spellcasting   | 3 4 5 6 7 8 9 |  9.5
Ice Magic      | 1 2 |  2.0
Hexes          | 4 5 6 7 8 9 |  9.5
Fighting       | 1 4 5 |  5.4
Dodging        | 2 3 |  3.6
Shields        | 6 7 |  7.0
Invocations    | 1 5 6 8 |  8.4
Translocations | 2 |  2.0
Armour         | 3 4 6 |  6.0

Action                     |  1- 3 |  4- 6 |  7- 9 | 10-12 | 13-15 || total
---------------------------+-------+-------+-------+-------+-------++-------
  Melee: Dagger            |   122 |   198 |   193 |   415 |       ||   928
         Bite              |    23 |    45 |    65 |   166 |   357 ||   656
         Punch             |       |     4 |     2 |       |       ||     6
         Rapier            |       |       |       |    96 |   928 ||  1024
   Fire: Arbalest          |       |       |     9 |       |       ||     9
  Throw: Dart              |       |       |     2 |       |       ||     2
   Cast: Ensorcelled Hiber |     1 |    17 |    21 |    85 |    59 ||   183
         Dazzling Flash    |       |       |     4 |     6 |     2 ||    12
         Confusing Touch   |       |       |       |    11 |     5 ||    16
         Blink             |       |       |       |     3 |       ||     3
  Evoke: Wand              |       |       |       |       |     1 ||     1
    Use: Scroll            |       |    12 |     2 |    10 |     3 ||    27
         Potion            |       |       |     1 |     1 |       ||     2
   Stab: Sleeping          |     7 |    18 |    13 |    72 |    43 ||   153
         Distracted        |       |       |     1 |     2 |     3 ||     6
         Invisible         |       |       |     6 |     6 |     1 ||    13
         Confused          |       |       |       |    10 |     7 ||    17
         Paralysed         |       |       |       |    16 |    46 ||    62
 Armour: Robe              |    70 |     5 |       |       |       ||    75
         Leather armour    |       |    85 |   129 |   183 |       ||   397
         Troll leather arm |       |       |       |    91 |   428 ||   519
  Dodge: Dodged            |    90 |    87 |   130 |   155 |   251 ||   713
  Block: Buckler           |       |       |       |   149 |   404 ||   553

Table legend: (Time is in decaauts)
 A = Elapsed time spent in this place.
 B = Non-inter-level travel time spent in this place.
 C = Inter-level travel time spent in this place.
 D = Time resting spent in this place.
 E = Time spent auto-exploring this place.
 F = Levels seen in this place.
 G = Mean time per level.
                   A        B        C        D        E       F      G
               +--------+--------+--------+--------+--------+-----+--------+
         Total |  22246 |  19932 |   2314 |   1644 |  11795 |  21 | 1059.3 |
       Dungeon |  14112 |  12283 |   1829 |   1059 |   7580 |  13 | 1085.5 |
        Temple |     61 |      2 |     59 |      0 |      0 |   1 |   61.0 |
          Lair |   7159 |   6733 |    426 |    379 |   4076 |   5 | 1431.8 |
         Sewer |    208 |    208 |      0 |      0 |     93 |   1 |  208.0 |
        Bailey |    704 |    704 |      0 |    206 |     45 |   1 |  704.0 |
               +--------+--------+--------+--------+--------+-----+--------+

Top non-repeatable levels by time:
    D:10: 2379 daAuts
  Lair:4: 2068 daAuts
  Lair:1: 1779 daAuts
     D:3: 1530 daAuts
     D:7: 1384 daAuts
     D:2: 1272 daAuts
  Lair:5: 1226 daAuts
     D:9: 1182 daAuts
     D:5: 1168 daAuts
     D:1: 1122 daAuts
  Lair:3: 1100 daAuts
  Lair:2: 985 daAuts
    D:11: 915 daAuts
    D:12: 856 daAuts
     D:4: 776 daAuts
